AoeStats
← El loco

Arabia

513655578Analyzed
1v1 RM · 3d ago on Oct 14, 2026· 45m 20s· 2 players
Game mode
Random Map
Map size
Tiny (2 player)
Population
200
Speed
Normal
Resources
Standard
Victory
Conquest
Starting age
Dark Age
Ending age
Imperial Age
RankedLock teamsTeams togetherTeam positionsShared explorationLock speedFull tech treeHidden civsTurbo modeCheats
Victory
Defeat
🇦🇷 Byzantines · Argentina
1259
+17
vs
🇳🇱 Ethiopians · Netherlands
1277
-17
El loco
6:41 Loom
8:56 Feudal Age
9:26 Double-Bit Axe
15:42 Fletching
21:17 Castle Age
19:36 Horse Collar
19:48 Gold Mining
21:46 Scale Barding Armor
21:52 Forging
23:41 Chain Barding Armor
24:55 Husbandry
26:25 Elite Skirmisher
29:44 Wheelbarrow
31:51 Bodkin Arrow
31:56 Padded Archer Armor
35:41 Leather Archer Armor
36:27 Stone Mining
42:09 Imperial Age
39:54 Crossbowman
40:40 Thumb Ring
40:55 Heavy Plow
41:08 Bow Saw
42:59 Bracer
43:31 Conscription
43:44 Ballistics
44:25 Chemistry
43:51 Arbalester
44:00 Cavalier
45:40 Murder Holes
JandR
7:12 Loom
9:32 Feudal Age
10:10 Double-Bit Axe
19:53 Castle Age
18:15 Fletching
18:34 Horse Collar
19:07 Gold Mining
19:35 Padded Archer Armor
20:54 Bow Saw
20:10 Crossbowman
22:43 Thumb Ring
23:41 Bodkin Arrow
24:34 Ballistics
24:57 Squires
28:33 Wheelbarrow
28:00 Elite Skirmisher
28:57 Leather Archer Armor
28:45 Stone Mining
34:47 Gold Shaft Mining
34:35 Town Watch
38:44 Imperial Age
39:37 Bracer
40:01 Arbalester
40:52 Arbalester
43:38 Conscription
Connection lost

Rejoining the realm…

Still unreachable

The connection could not be restored.

Session expired

The server has moved on; the page needs a fresh start.